AoeStats
← Baudouin IV

Oasis

509424889Analyzed
2v2 RM · 4d ago on Sep 26, 2026· 44m 0s· 4 players
Game mode
Random Map
Map size
Medium (4 player)
Population
200
Speed
Normal
Resources
Standard
Victory
Conquest
Starting age
Dark Age
Ending age
Imperial Age
RankedLock teamsTeams togetherTeam positionsShared explorationLock speedFull tech treeHidden civsTurbo modeCheats
Victory
Defeat
🇫🇷 Spanish · France
856
+13
🇫🇷 Saracens · France
817
+15
🇮🇳 Armenians · India
865
-24
🇮🇳 Vietnamese · India
733
-30
pi le pain
11:04 Feudal Age
12:42 Bloodlines
22:33 Wheelbarrow
21:55 Double-Bit Axe
21:54 Horse Collar
22:08 Gold Mining
23:40 Forging
23:37 Scale Barding Armor
28:26 Castle Age
29:07 Husbandry
28:30 Light Cavalry
29:56 Iron Casting
29:42 Chain Barding Armor
31:30 Stone Mining
32:19 Gold Shaft Mining
32:09 Bow Saw
Baudouin IV
8:16 Loom
11:29 Feudal Age
16:01 Double-Bit Axe
16:00 Horse Collar
17:00 Stone Mining
20:56 Castle Age
19:11 Gold Mining
22:10 Heavy Plow
22:24 Bow Saw
22:53 Stone Shaft Mining
22:11 Fletching
26:59 Wheelbarrow
27:24 Padded Archer Armor
27:20 Bodkin Arrow
29:50 Hand Cart
34:58 Imperial Age
35:02 Elite Conquistador
36:03 Conscription
36:02 Leather Archer Armor
35:48 Bracer
35:59 Forging
35:55 Scale Barding Armor
37:59 Ring Archer Armor
37:42 Town Watch
39:02 Two-Man Saw
39:35 Chain Barding Armor
39:51 Iron Casting
shaggynukes
2:15 Loom
14:30 Feudal Age
28:22 Double-Bit Axe
28:54 Horse Collar
MR.PotatoKnight
1:09 Loom
9:56 Feudal Age
10:30 Double-Bit Axe
10:14 Man-at-Arms
11:52 Wheelbarrow
14:55 Town Watch
18:43 Long Swordsman
20:06 Forging
22:14 Scale Mail Armor
22:31 Horse Collar
28:31 Castle Age
28:12 Pikeman
29:56 Bloodlines
29:49 Elite Skirmisher
29:56 Two-Handed Swordsman
32:02 Padded Archer Armor
33:12 Heavy Plow
36:59 Bow Saw
36:53 Gambesons
Connection lost

Rejoining the realm…

Still unreachable

The connection could not be restored.

Session expired

The server has moved on; the page needs a fresh start.